 Dungeon Crawl Stone Soup version 0.26-a0-58-g79b31b8662 (webtiles) character file.

Game seed: 6334699025181088986

21 BritishOli the Skirmisher (level 2, 0/24 HPs)
             Began as a Demonspawn Monk on June 8, 2020.
             Slain by an ogre
             ... wielding a +0 giant spiked club
              (24 damage)
             ... on level 2 of the Dungeon.
             The game lasted 00:01:10 (1256 turns).

BritishOli the Skirmisher (Demonspawn Monk)         Turns: 1256, Time: 00:01:10

Health: 0/24       AC:  2    Str: 11    XL:     2   Next: 65%
Magic:  2/2        EV: 13    Int: 11    God:
Gold:   96         SH:  0    Dex: 15    Spells: 1/1 levels left

rFire    . . .     SeeInvis .   a - +0 falchion
rCold    + . .     Gourm    .   (no shield)
rNeg     . . .     Faith    .   b - +0 robe
rPois    .         Spirit   .   (no helmet)
rElec    .         Reflect  .   (no cloak)
rCorr    .         Harm     .   (no gloves)
MR       .....                  (no boots)
Stlth    ++........             (no amulet)
HPRegen  0.08/turn              g - ring of flight
MPRegen  0.08/turn              (no ring)

@: no status effects
A: cold resistance 1
a: Evoke Flight


You were on level 2 of the Dungeon.
You were not hungry.

You visited 1 branch of the dungeon, and saw 2 of its levels.

You collected 96 gold pieces.

Inventory:

Hand Weapons
 a - a +0 falchion (weapon)
Armour
 b - a +0 robe (worn)
Jewellery
 g - a ring of flight (left hand)
Scrolls
 e - 3 scrolls of teleportation {unknown}
 f - a scroll of fear {unknown}
 i - a scroll of fog {unknown}
 j - a scroll of identify {unknown}
 k - a scroll of remove curse {unknown}
Potions
 d - 2 potions of curing {unknown}
Comestibles
 c - 6 rations
 h - a chunk of flesh


   Skills:
 + Level 3.2 Fighting
 + Level 2.9 Long Blades
 + Level 0.9 Armour
 + Level 2.9 Dodging
 - Level 1.7 Stealth


You had one spell level left.
You didn't know any spells.
Your spell library was empty.

Dungeon Overview and Level Annotations

Branches:
Dungeon (2/15)

Altars:


Innate Abilities, Weirdness & Mutations

Your flesh is cold resistant. (rC+)


Message History

An ogre is nearby!
You hit the ogre.
The ogre is lightly wounded.
The ogre misses you.
You riposte.
You barely miss the ogre.
The ogre is lightly wounded.
You hit the ogre.
The ogre is moderately wounded.
The ogre barely misses you.
You riposte.
You hit the ogre.
The ogre is moderately wounded.
You hit the ogre.
The ogre is heavily wounded.
The ogre completely misses you.
You hit the ogre but do no damage.
The ogre is heavily wounded.
The ogre barely misses you.
You hit the ogre.
The ogre is severely wounded.
The ogre hits you with a +0 giant spiked club!!
Ouch! That really hurt!
You die...

...# #.........###.# .
#÷.###.####.# #.# .# .#
#......# #.# #.##.#..#
#.###### ##.## #.......#
.....# #...# #......##
#.##.# #>..# #.##.....
#.##.# #...#####.# ...##
..##.#####.........# ....
.....#...<.....O@#.##...##
#...........(.?.)(.$.....
.....#...........#......
.##.######....####.##.##
.##.# #÷>.......# .# .##.#
#.....####### . ....#
#.#...# . .#### #..#...#
.# .......#


You could see an ogre.

Vanquished Creatures
  A leopard gecko (D:1)
  3 bats
  2 goblins (D:1)
  3 hobgoblins (D:1)
  A kobold (D:2)
  5 frilled lizards
  6 rats
21 creatures vanquished.

Notes
Turn   | Place    | Note
-------+----------+-------------------------------------------
     0 | D:1      | BritishOli the Demonspawn Monk began the quest for the Orb.
     0 | D:1      | Reached XP level 1. HP: 18/18 MP: 1/1
   424 | D:1      | Gained mutation: Your flesh is cold resistant. (rC+)
                  | [demonic ancestry]
   424 | D:1      | Reached XP level 2. HP: 24/24 MP: 2/2
  1152 | D:2      | Noticed an ogre
  1256 | D:2      | Slain by an ogre

Illustrated notes

Levels and vault maps discovered:
D:1:      dpeg_arrival_short_road, layout_basic
D:2:      layout_loops_cross, nemelex_xobeh_ov_fountains_minmay, first_ration,
          chequers_ecumenical_altar_grove

Action                   || total
-------------------------++-------
Melee: Falchion          ||    47
 Stab: Sleeping          ||     3
  Eat: Chunk             ||     1
Armor: Robe              ||     4
Dodge: Dodged            ||    37
       Rpst.: Falchion   ||    15

Table legend:
 A = Non-vault XP
 B = Vault XP
 C = Vault XP percentage of total XP
 D = Non-vault monster count
 E = Vault monster count
 F = Vault count percentage of total count
                 A         B        C        D         E       F
            +---------+---------+-------+---------+---------+-------
      Total |      31 |       0 |   0.0 |      21 |       0 |   0.0
            +---------+---------+-------+---------+---------+-------
        D:1 |      23 |       0 |   0.0 |      14 |       0 |   0.0
        D:2 |       8 |       0 |   0.0 |       7 |       0 |   0.0
            +---------+---------+-------+---------+---------+-------
